 Dungeon Crawl Stone Soup version 0.29.0-4-gdea44cf6ec (webtiles) character file.

Game seed: 15036804681142881074

54 qw the Chopper (level 3, -2/21 HPs)
             Began as a Tengu Warper on Aug 28, 2022.
             Slain by a scorpion (3 damage)
             ... on level 2 of the Dungeon.
             The game lasted 00:00:09 (1085 turns).

qw the Chopper (Tengu Warper)                       Turns: 1085, Time: 00:00:10

Health: -2/21      AC:  6    Str: 13    XL:     3   Next: 91%
Magic:  7/7        EV: 12    Int: 13    God:
Gold:   101        SH:  0    Dex: 13    Spells: 6/6 levels left

rFire   . . .      SeeInvis .   Y - +0 hand axe
rCold   . . .      Faith    .   (no shield)
rNeg    + . .      Spirit   .   b - +0 leather armour
rPois   .          Reflect  .   (helmet restricted)
rElec   .          Harm     .   (no cloak)
rCorr   .          Rampage  .   e - +2 pair of gloves {hurl}
Will    .....                   (boots unavailable)
Stlth   +.........              (no amulet)
HPRegen 0.07/turn               n - ring of positive energy
MPRegen 0.10/turn               (no ring)

@: lethally poisoned (-2 -> -3)
A: beak, talons 3
a: no special abilities


You were on level 2 of the Dungeon.
You visited 1 branch of the dungeon, and saw 2 of its levels.

You collected 101 gold pieces.


Innate Abilities, Weirdness & Mutations

You have a beak for a mouth.
You have claws for feet.


   Skills:
 - Level 2.0 Fighting
 + Level 4.5 Axes
 - Level 1.0 Throwing
 - Level 1.1 Armour
 - Level 2.1 Dodging
 - Level 2.0 Spellcasting
 - Level 2.4 Translocations


You had 6 spell levels left.
You didn't know any spells.
Your spell library contained the following spells:

 Spells                   Type           Power      Damage    Failure   Level
 Blink                    Tloc           14%        N/A       19%         2
 Gell's Gravitas          Tloc           7%         N/A       36%         3
 Lesser Beckoning         Tloc           7%         N/A       36%         3
 Teleport Other           Tloc           7%         N/A       36%         3
 Manifold Assault         Tloc           7%         N/A       98%         5

Inventory:

Hand Weapons
 g - a +0 whip
 Y - a +0 hand axe (weapon)
Armour
 b - a +0 leather armour (worn)
 d - a +0 ring mail
 e - a +2 pair of gloves of hurling (worn)
Jewellery
 n - a ring of positive energy (left hand)
Scrolls
 a - a scroll of identify
Potions
 c - a potion of degeneration {unknown}
 f - a potion of cancellation {unknown}
 h - a potion of might {unknown}
 j - a potion of lignification {unknown}
 k - a potion of resistance
 m - 2 potions of curing {unknown}

Dungeon Overview and Level Annotations

Branches:
Dungeon (2/15)

Altars:

Shops:
D:1 ?


Message History

Found a book of Conjurations.
There is a stone staircase leading down here.
You open the door.
A scorpion comes into view.
The scorpion barely misses you.
You hit the scorpion.
You claw the scorpion, but do no damage.
The scorpion is moderately wounded.
The scorpion stings you.
You hit the scorpion. Your peck misses the scorpion.
The scorpion is moderately wounded.
The scorpion stings you.
You are poisoned.
The scorpion poisons you!
You hit the scorpion. Your kick misses the scorpion.
The scorpion is heavily wounded.
You feel very sick. The scorpion stings you.
You hit the scorpion but do no damage.
You peck the scorpion, but do no damage.
The scorpion is heavily wounded.
You feel sick. The scorpion closely misses you. The scorpion stings you.
You hit the scorpion. Your kick misses the scorpion. You peck the scorpion.
The scorpion is severely wounded.
You feel sick.
The scorpion stings you but does no damage.
You hit the scorpion.
The scorpion is almost dead.
You feel sick.
The scorpion stings you but does no damage.
You hit the scorpion but do no damage.
The scorpion is almost dead.
You feel sick. The scorpion barely misses you.
You completely miss the scorpion.
The scorpion is almost dead.
You feel sick. The scorpion closely misses you. The scorpion barely misses you.
You hit the scorpion but do no damage.
The scorpion is almost dead.
You feel sick. The scorpion stings you.
You die...

~~~.~## ~~~~.# ~~~..##
~~~~... ~~~~~# ~~~.~#
..~~. 7# ~.. ###7...#
.#######. #@s...7
.#....... #.#..7.#
......... #.# 7.7
...#.... #: #.#####
...#.###.#.# #.#...#
...#.# #.#.# #.....#
.....###.#.### ##....#
...#.........###...#.#
...#.###.....##..#.#.#


You could see a scorpion.

Vanquished Creatures
  A gnoll (D:1)
  An adder (D:2)
  3 ball pythons
  6 bats
  3 endoplasms
  5 goblins
  4 hobgoblins
  6 kobolds (D:1)
  A quokka (D:1)
  3 rats
33 creatures vanquished.

Notes
Turn   | Place    | Note
-------+----------+-------------------------------------------
     0 | D:1      | qw the Tengu Warper began the quest for the Orb.
     0 | D:1      | Reached XP level 1. HP: 12/12 MP: 4/4
     0 | D:1      | 0 ||| qw: Version: 0.1-a-89-g26bdef1
     0 | D:1      | 0 ||| qw: Game counter: 3109
     0 | D:1      | 0 ||| qw: Always use a shield: true
     0 | D:1      | 0 ||| qw: God list: Okawaru
     0 | D:1      | 0 ||| qw: Allow faded altars: false
     0 | D:1      | 0 ||| qw: Do Orc after D:15 true
     0 | D:1      | 0 ||| qw: Do second Lair branch before Depths: true
     0 | D:1      | 0 ||| qw: Lair rune preference: random
     0 | D:1      | 0 ||| qw: Plans: Normal
     0 | D:1      | 0 ||| PLANNING D:1-11
    61 | D:1      | 61 ||| Stepping ~*~*~tactically~*~*~ (stealth).
    67 | D:1      | 67 ||| Stepping ~*~*~tactically~*~*~ (stealth).
    68 | D:1      | 68 ||| Stepping ~*~*~tactically~*~*~ (stealth).
    74 | D:1      | 74 ||| Stepping ~*~*~tactically~*~*~ (stealth).
    79 | D:1      | Reached XP level 2. HP: 17/17 MP: 6/6
    86 | D:1      | Reached skill level 3 in Axes
   155 | D:1      | 155 ||| Stepping ~*~*~tactically~*~*~ (stealth).
   162 | D:1      | 162 ||| Stepping ~*~*~tactically~*~*~ (stealth).
   275 | D:1      | Found Dosaipid's Magic Scroll Shoppe.
   282 | D:1      | Reached XP level 3. HP: 21/21 MP: 7/7
   286 | D:1      | 286 ||| SHOPLISTING scroll of acquirement (676 gold, have
                  | 24).
   286 | D:1      | 286 ||| SHOPLISTING scroll of enchant armour (97 gold, have
                  | 24).
   286 | D:1      | 286 ||| SHOPLISTING scroll of identify (26 gold, have 24).
   286 | D:1      | 286 ||| SHOPLISTING scroll of teleportation (39 gold, have
                  | 24).
   376 | D:1      | Reached skill level 4 in Axes
   385 | D:1      | 385 ||| Stepping ~*~*~tactically~*~*~ (stealth).
   386 | D:1      | 386 ||| Stepping ~*~*~tactically~*~*~ (stealth).
   390 | D:1      | 390 ||| Stepping ~*~*~tactically~*~*~ (stealth).
   394 | D:1      | 394 ||| Stepping ~*~*~tactically~*~*~ (stealth).
   395 | D:1      | 395 ||| Stepping ~*~*~tactically~*~*~ (stealth).
   577 | D:1      | 577 ||| UPGRADING to +2 pair of gloves of hurling.
   582 | D:1      | 582 ||| UPGRADING to ring of positive energy.
   583 | D:1      | 583 ||| READING 3 scrolls labelled KEVVEL RUPOTU.
   584 | D:1      | 584 ||| READING scroll labelled VOAZIM IKUI.
   589 | D:1      | 589 ||| READING scroll labelled HACIMA COFUA.
   590 | D:1      | 590 ||| DRINKING 2 sedimented pink potions.
   591 | D:1      | 591 ||| READING 2 scrolls of identify.
   591 | D:1      | 591 ||| IDENTIFYING smoky emerald potion
   592 | D:1      | 592 ||| DROPPING scroll of blinking.
   593 | D:1      | 593 ||| DROPPING potion of ambrosia.
   670 | D:2      | Found a faded altar of an unknown god.
  1075 | D:2      | Noticed a scorpion
  1080 | D:2      | HP: 5/21 [scorpion (1)]
  1084 | D:2      | HP: 2/21 [poisoned by a scorpion]
  1085 | D:2      | Slain by a scorpion

Levels and vault maps discovered:
D:1:      wander_arrival_estate, layout_rooms, serial_shops,
          nicolae_shop_hallway_plus
D:2:      layout_basic, basic_altar, chequers_ecumenical_altar_island,
          chequers_arboretum

Skill      XL: |  1  2  3 |
---------------+----------+-----
Axes           | 3 4 |  4.5
Fighting       | |  2.0
Throwing       | |  1.0
Armour         | |  1.1
Dodging        | |  2.1
Spellcasting   | |  2.0
Translocations | |  2.4

Action                   || total
-------------------------++-------
Melee: Hand axe          ||    75
       Kick              ||    15
       Peck              ||     6
Throw: Boomerang         ||     7
  Use: Scroll            ||     4
       Potion            ||     1
Armor: Leather armour    ||    27
Dodge: Dodged            ||    48

Table legend:
 A = Non-vault XP
 B = Vault XP
 C = Vault XP percentage of total XP
 D = Non-vault monster count
 E = Vault monster count
 F = Vault count percentage of total count
                 A         B        C        D         E       F
            +---------+---------+-------+---------+---------+-------
      Total |      78 |       0 |   0.0 |      33 |       0 |   0.0
            +---------+---------+-------+---------+---------+-------
        D:1 |      50 |       0 |   0.0 |      23 |       0 |   0.0
        D:2 |      28 |       0 |   0.0 |      10 |       0 |   0.0
            +---------+---------+-------+---------+---------+-------
